 Dungeon Sprint DCSS version 0.30-a0-824-g6c64550be9 (webtiles) character file.

Game seed: 4317723632820983047

126 BigDaddyOpFi the Nimble (level 9, -14/70 HPs)
             Began as an Octopode Fighter on Feb 27, 2023.
             Was a Follower of Qazlal.
             Killed from afar by a will-o-the-wisp (22 damage)
             ... with a foxfire
             ... in the Dungeon (Sprint VI: "Thunderdome").
             The game lasted 00:02:32 (501 turns).

BigDaddyOpFi the Nimble (Octopode Fighter)           Turns: 501, Time: 00:02:32

Health: -14/70     AC:  1    Str: 20    XL:     9   Next: 7%
Magic:  0/14       EV: 18    Int: 14    God:    Qazlal [*.....]
Gold:   10         SH:  8    Dex: 16    Spells: 8/8 levels left

rFire   x . .      SeeInvis +    t - +0 broad axe
rCold   + + .      Faith    .    b - +0 buckler
rNeg    + . .      Spirit   +    (helmet restricted)
rPois   +          Reflect  .    p - amulet of Etym {Spirit *Slow rC+ rN+ Slay+2}
rElec   +          Harm     .    n - ring of Wyvavir {rF+ Dex+3}
rCorr   +          Rampage  .    o - ring "Esowekk" {rC+ rCorr}
Will    +....      NoTele   +    q - ring of Vuschit {rF- Will+ Slay+2 SInv}
Stlth   ++                       r - ring of Kicezid {Int+4 Dex+2 Slay+4}
HPRegen 0.31/turn                s - ring of the Fool {Drain rElec rPois rF- SInv}
MPRegen 0.14/turn                (no ring)
                                 (no ring)
                                 (no ring)

@: slowed, very slow
A: almost no armour, amphibious, 8 rings, camouflage 1, gelatinous body 1,
(nimble swimmer 1), tentacles
a: Renounce Religion


You were in the Dungeon.
You worshipped Qazlal.
Qazlal was aware of your devotion.
You visited 1 branch You collected 400 gold pieces.
You spent 390 gold pieces at shops.

Inventory:

Hand Weapons
 t - a +0 broad axe (weapon)
Armour
 b - a +0 buckler (worn)
Jewellery
 n - the ring of Wyvavir (left tentacle) {rF+ Dex+3}
   (You bought it in a shop in the Dungeon)

   [ring of protection from fire]

   Dex:       It affects your dexterity (+3).
   rF:        It protects you from fire.
 o - the ring "Esowekk" (right tentacle) {rC+ rCorr}
   (You bought it in a shop in the Dungeon)

   [ring of resist corrosion]

   rC:        It protects you from cold.
   rCorr:     It protects you from acid and corrosion.
 p - the amulet of Etym (around mantle) {Spirit *Slow rC+ rN+ Slay+2}
   (You bought it in a shop in the Dungeon)

   [amulet of guardian spirit]

   It causes incoming damage to be divided between your reserves of health and
   magic.
   Slay:      It affects your accuracy & damage with ranged weapons and melee
   (+2).
   rC:        It protects you from cold.
   rN:        It protects you from negative energy.
   *Slow:     It may slow you when you take damage.
 q - the ring of Vuschit (on tentacle) {rF- Will+ Slay+2 SInv}
   (You bought it in a shop in the Dungeon)

   [ring of see invisible]

   Slay:      It affects your accuracy & damage with ranged weapons and melee
   (+2).
   rF:        It makes you vulnerable to fire.
   SInv:      It lets you see invisible.
   Will:      It increases your willpower.
 r - the ring of Kicezid (on tentacle) {Int+4 Dex+2 Slay+4}
   (You bought it in a shop in the Dungeon)

   [ring of slaying]

   Int:       It affects your intelligence (+4).
   Dex:       It affects your dexterity (+2).
   Slay:      It affects your accuracy & damage with ranged weapons and melee
   (+4).
 s - the ring of the Fool (on tentacle) {Drain rElec rPois rF- SInv}
   (You bought it in a shop in the Dungeon)

   [ring of see invisible]

   rF:        It makes you vulnerable to fire.
   rElec:     It insulates you from electricity.
   rPois:     It protects you from poison.
   SInv:      It lets you see invisible.
   Drain:     It drains your maximum health when unequipped.
Wands
 k - a wand of quicksilver (5) (quivered)
 l - a wand of iceblast (5)
Scrolls
 i - 4 scrolls of blinking
 m - 3 scrolls of fog
Potions
 c - a potion of might
 d - a potion of curing
 e - 2 potions of heal wounds
 f - 4 potions of haste
 g - 2 potions of magic
 h - a potion of berserk rage
 j - a potion of resistance


   Skills:
 + Level 9.9 Fighting
 + Level 9.7 Axes
 + Level 10.0 Dodging
 + Level 9.9 Shields
 * Level 7.0 Invocations


You had 8 spell levels left.
You didn't know any spells.
Your spell library was empty.

Dungeon Overview and Level Annotations

Branches:
Dungeon (1/1)

Altars:
Cheibriados
Dithmenos
Fedhas
Gozag
Kikubaaqudgha
Makhleb
Okawaru
Qazlal
Ru
Sif Muna
Trog
Uskayaw
Vehumet
Wu Jian
Xom
Yredelemnul
Zin
The Shining One
Lugonu

Shops:
D *[??*?*:[((!!!!


Innate Abilities, Weirdness & Mutations

You cannot wear most types of armour.
You are amphibious.
You can wear up to eight rings at the same time.
Your skin changes colour to match your surroundings (Stealth+).
Your rubbery body absorbs attacks. (AC +1, EV +1)
((You are camouflaged when in or above water. (Stealth+)))
You have tentacles for arms and can constrict up to eight enemies at once.


Message History

You have reached level 9!
Your experience leads to an increase in your attributes!
Your base attributes are Str 18, Int 10, Dex 11.
Increase (S)trength, (I)ntelligence, or (D)exterity?
You feel stronger. x2
A swamp drake comes into view.
A swamp drake is nearby!
A swamp drake is nearby!
The swamp drake roars!
The swamp drake breathes poison at you.
The noxious blast engulfs you but does no damage.
You resist. You block the swamp drake's attack.
There is a staircase leading out of the dungeon here.
You barely miss the swamp drake. You squeeze the swamp drake!!
The swamp drake is severely wounded.
The swamp drake completely misses you. You block the swamp drake's attack.
You slice the swamp drake!!
You kill the swamp drake!
Qazlal accepts your kill.
You are now surrounded by a storm. 50...
Your Dodging skill increases to level 10!
Your Invocations skill increases to level 7!
You start resting.
A will-o-the-wisp comes into view.
The will-o-the-wisp moves out of view.
You start resting.
A will-o-the-wisp comes into view.
A will-o-the-wisp is nearby!
A will-o-the-wisp is nearby!
The will-o-the-wisp gives a chilling moan.
The will-o-the-wisp gestures.
The will-o-the-wisp conjures some foxfire!
A swamp drake comes into view. 2 foxfires come into view.
The will-o-the-wisp gives a chilling moan.
The foxfire hits you!!! The fire burns you terribly!
Ouch! That really hurt!
* * * LOW HITPOINT WARNING * * *
The foxfire hits you!! The fire burns you terribly!
You die...

#∩.......∩# #_......._#
#_......._# #_......._#
###.§vv.†...### #⌠÷.§§.......⌠#
######.8..§§.....8.######
##..__.....v###......__.∩##
###∩......÷.8@# #.8........∩##
##.......÷.....###.............
#⌠.....k....###...###..........
#⌠..........# #.<.# #..........
#⌠..........###...###..†.......
##.............###.............
###∩........8.# #.8........∩##
##∩___......###......___∩##
######.8.........8.######


You could see 2 will-o-the-wisps and a swamp drake (wandering).

Vanquished Creatures
  2 bog bodies (D)
  5 neqoxecs (D)
  A swamp drake (D)
  A jelly (D)
  4 adders (D)
  2 ball pythons (D)
  4 endoplasms (D)
19 creatures vanquished.

Vanquished Creatures (others)
  A foxfire (D)
1 creature vanquished.

Grand Total: 20 creatures vanquished

Notes
Turn   | Place    | Note
-------+----------+-------------------------------------------
     0 | D        | BigDaddyOpFi the Octopode Fighter began the quest for the
                  | Orb.
     0 | D        | Reached XP level 1. HP: 16/16 MP: 1/1
     3 | D        | Found a shadowy altar of Dithmenos.
     3 | D        | Found a snail-covered altar of Cheibriados.
     4 | D        | Found a glowing golden altar of the Shining One.
     4 | D        | Found a radiant altar of Vehumet.
     5 | D        | Found an ornate altar of the Wu Jian Council.
     5 | D        | Round 1.
     6 | D        | Found a shimmering blue altar of Sif Muna.
     6 | D        | Found a glowing silver altar of Zin.
     6 | D        | Found Hylili's Identification Station.
     7 | D        | Found Bugupi's Jewellery.
     7 | D        | Found Zedie's Advanced Armour.
    15 | D        | Bought a bound bronze ring for 45 gold pieces
    15 | D        | Identified the ring of Wyvavir {rF+ Dex+3} (You bought it
                  | in a shop in the Dungeon)
    15 | D        | Bought a crude bone ring for 45 gold pieces
    15 | D        | Identified the ring "Esowekk" {rC+ rCorr} (You bought it in
                  | a shop in the Dungeon)
    15 | D        | Bought a crude zirconium amulet for 45 gold pieces
    15 | D        | Identified the amulet of Etym {Spirit *Slow rC+ rN+ Slay+2}
                  | (You bought it in a shop in the Dungeon)
    15 | D        | Bought a bound gossamer ring for 45 gold pieces
    15 | D        | Identified the ring of Vuschit {rF- Will+ Slay+2 SInv} (You
                  | bought it in a shop in the Dungeon)
    31 | D        | Found a basalt altar of Yredelemnul.
    35 | D        | Found Sentuq's Premium Goods.
    35 | D        | Found Ahujast's Miscellaneous Merchandise.
    36 | D        | Found Agyzats's Basic Armour.
    42 | D        | Found Ysuastuq's Weapon Rack.
    42 | D        | Found a stormy altar of Qazlal.
    42 | D        | Found a burning altar of Makhleb.
    55 | D        | Found a corrupted altar of Lugonu.
    57 | D        | Found a bloodstained altar of Trog.
    57 | D        | Found a blossoming altar of Fedhas.
    57 | D        | Found Ceimel's Do-It-Yourself Clinic.
    57 | D        | Found Waddudaik's Bottled Wisdom.
    58 | D        | Found Enosh's Distillery.
    64 | D        | Found Vurur's Distillery.
    64 | D        | Found an opulent altar of Gozag.
    64 | D        | Found an ancient bone altar of Kikubaaqudgha.
    74 | D        | Noticed a jelly
    76 | D        | Found a hide-covered altar of Uskayaw.
    81 | D        | Killed a jelly
    82 | D        | Reached skill level 4 in Dodging
    82 | D        | Reached XP level 2. HP: 4/22 MP: 2/2
    82 | D        | Reached XP level 3. HP: 5/27 MP: 3/3
    83 | D        | Found a sacrificial altar of Ru.
    85 | D        | Found a shimmering altar of Xom.
    85 | D        | Found Socastan's Staff Store.
    87 | D        | Found an iron altar of Okawaru.
    87 | D        | Found Xirheapp's Magic Scroll Shop.
    87 | D        | Found Jyuddoqe's Must-Have Magic.
    87 | D        | Found Gaepo's Magic Scroll Shop.
   126 | D        | Arena points: 12 (+12) [x2]
   169 | D        | Round 2.
   233 | D        | Reached XP level 4. HP: 29/34 MP: 4/4
   297 | D        | Reached skill level 5 in Dodging
   313 | D        | Arena points: 54 (+42) [x3]
   334 | D        | Bought a flickering turquoise ring for 45 gold pieces
   334 | D        | Identified the ring of Kicezid {Int+4 Dex+2 Slay+4} (You
                  | bought it in a shop in the Dungeon)
   334 | D        | Bought a crude granite ring for 45 gold pieces
   334 | D        | Identified the ring of the Fool {Drain rElec rPois rF-
                  | SInv} (You bought it in a shop in the Dungeon)
   363 | D        | Round 3.
   365 | D        | Noticed a neqoxec
   374 | D        | Killed a neqoxec
   375 | D        | Reached skill level 5 in Axes
   375 | D        | Reached skill level 6 in Dodging
   375 | D        | Reached XP level 5. HP: 30/42 MP: 3/5
   378 | D        | Noticed a neqoxec
   381 | D        | Noticed a neqoxec
   383 | D        | Killed a neqoxec
   383 | D        | Noticed a neqoxec
   384 | D        | Reached skill level 7 in Dodging
   384 | D        | Reached XP level 6. HP: 38/49 MP: 4/6
   385 | D        | Noticed a neqoxec
   389 | D        | Killed a neqoxec
   390 | D        | Reached XP level 7. HP: 34/54 MP: 3/7
   392 | D        | Killed a neqoxec
   393 | D        | Reached skill level 8 in Dodging
   397 | D        | Killed a neqoxec
   422 | D        | Arena points: 126 (+72) [x4]
   437 | D        | Round 4.
   455 | D        | Bought a +0 broad axe for 120 gold pieces
   459 | D        | Became a worshipper of Qazlal Stormbringer
   465 | D        | Noticed a bog body
   471 | D        | Killed a bog body
   472 | D        | Reached skill level 9 in Dodging
   472 | D        | Reached XP level 8. HP: 62/63 MP: 7/11
   475 | D        | Noticed a bog body
   481 | D        | Killed a bog body
   482 | D        | Reached XP level 9. HP: 44/70 MP: 6/14
   489 | D        | Reached * piety under Qazlal
   490 | D        | Reached skill level 10 in Dodging
   496 | D        | Noticed a will-o-the-wisp
   498 | D        | Noticed a will-o-the-wisp
   501 | D        | Killed from afar by a will-o-the-wisp

Illustrated notes

Levels and vault maps discovered:
D:        arena_sprint

Skill      XL: |  1  2  3  4  5  6  7  8  9 |
---------------+----------------------------+-----
Fighting       | 4 6 7 9 |  9.9
Axes           | 3 4 5 6 7 9 |  9.7
Dodging        | 4 6 7 9 10 | 10.0
Shields        | 4 6 7 9 |  9.9
Invocations    | 4 6 7 |  7.0

Action                     |  1- 3 |  4- 6 |  7- 9 || total
---------------------------+-------+-------+-------++-------
  Melee: War axe           |    14 |    17 |     6 ||    37
         Constrict         |     2 |     4 |     3 ||     9
         Tentacles         |     1 |     2 |     4 ||     7
         Broad axe         |       |       |     7 ||     7
    Use: Potion            |     1 |       |     1 ||     2
 Armour: Skin              |     2 |       |       ||     2
  Dodge: Dodged            |     3 |    12 |     7 ||    22
  Block: Buckler           |       |     1 |     6 ||     7

Table legend: (Time is in decaauts)
 A = Elapsed time spent in this place.
 B = Non-inter-level travel time spent in this place.
 C = Inter-level travel time spent in this place.
 D = Time resting spent in this place.
 E = Time spent auto-exploring this place.
 F = Levels seen in this place.
 G = Mean time per level.
                   A        B        C        D        E       F      G
               +--------+--------+--------+--------+--------+-----+--------+
         Total |    528 |    528 |      0 |    140 |     43 |   1 |  528.0 |
       Dungeon |    528 |    528 |      0 |    140 |     43 |   1 |  528.0 |
               +--------+--------+--------+--------+--------+-----+--------+

Top non-repeatable levels by time:
       D: 528 daAuts
